 Dungeon Crawl Stone Soup version 0.28.0-43-g3370ac3207 (webtiles) character file.

Game seed: 3763356085016228301

10585 Cykl0x the Geomancer (level 11, -2/67 HPs)
             Began as a Gargoyle Earth Elementalist on Mar 10, 2022.
             Was a Priest of Vehumet.
             Killed from afar by Psyche (8 damage)
             ... with a chain of chaos
             ... on level 10 of the Dungeon.
             The game lasted 00:32:01 (13914 turns).

Cykl0x the Geomancer (Gargoyle Earth Elementalist) Turns: 13914, Time: 00:32:02

Health: -2/67      AC:  0    Str: 15    XL:     11   Next: 64%
Magic:  11/23      EV: 10    Int: 17    God:    Vehumet [***...]
Gold:   1034       SH:  0    Dex: 15    Spells: 16/26 levels left

rFire   + . .      SeeInvis .   (weapon currently unavailable)
rCold   . . .      Faith    .   (shield currently unavailable)
rNeg    + . .      Spirit   .   (armour currently unavailable)
rPois   ∞          Reflect  .   (helmet currently unavailable)
rElec   .          Harm     .   (cloak currently unavailable)
rCorr   .          Rampage  .   (gloves currently unavailable)
Will    .....                   (boots currently unavailable)
Stlth   +++.......              H - amulet "Kexkifig" {RegenMP Drain rF+ Stlth+}
HPRegen 0.21/turn               (ring currently unavailable)
MPRegen 0.58/turn               (ring currently unavailable)

@: bat-form, flying, held, very quick
A: fast, flying, no casting, sickness immunity, AC +8, tiny, negative energy
resistance 1, (electricity resistance), torment resistance 1, petrification
resistance
a: Renounce Religion


You were on level 10 of the Dungeon.
You worshipped Vehumet.
Vehumet was most pleased with you.
You were a bat.
You visited 2 branches of the dungeon, and saw 11 of its levels.
You also visited: Ossuary.

You collected 1034 gold pieces.

Inventory:

Hand Weapons
 j - a +1 scimitar
 k - a +0 dagger
 u - a +0 long sword
 B - a +4 long sword of holy wrath (melded)
Missiles
 c - 204 stones
 p - a throwing net
 t - 3 curare-tipped darts
 z - 5 poisoned darts
Armour
 d - a +1 pair of gloves
 e - the +2 ratskin cloak (melded) {*Rats rPois rN+ Str-1 Int-1 Dex+1}
   (You found it on level 2 of the Dungeon)

   When the wearer is hurt, rats may emerge from it to assist them.
   Str:       It affects your strength (-1).
   Int:       It affects your intelligence (-1).
   Dex:       It affects your dexterity (+1).
   rPois:     It protects you from poison.
   rN:        It protects you from negative energy.
 n - a +0 pair of boots (melded)
 o - a +2 helmet (melded)
 s - a +1 buckler (melded)
 D - a +3 chain mail
 F - a +0 scale mail
 K - the +4 Cigotuvi's embrace (melded) {rMiasma Drain rN+}
   (You found it on level 10 of the Dungeon)

   It gathers nearby corpses to temporarily increase the armour it provides.
   It protects you from foul pestilence.
   rN:        It protects you from negative energy.
   Drain:     It drains your maximum health when unequipped.
Jewellery
 g - a ring of flight (melded)
 q - an amulet of regeneration
 r - an amulet of guardian spirit
 v - a +6 ring of dexterity (melded)
 H - the amulet "Kexkifig" (around neck) {RegenMP Drain rF+ Stlth+}
   (You found it on level 8 of the Dungeon)

   [amulet of magic regeneration]

   It increases your rate of magic regeneration.
   rF:        It protects you from fire.
   Drain:     It drains your maximum health when unequipped.
   Stlth:     It makes you more stealthy.
 I - a ring of resist corrosion
 J - a ring of positive energy
Wands
 a - a wand of iceblast (8)
 w - a wand of flame (32)
 A - a wand of polymorph (10)
Scrolls
 h - a scroll of enchant armour
 m - 2 scrolls of fog
 y - a scroll of blinking
 E - a scroll of teleportation
Potions
 b - a potion of haste
 f - 9 potions of curing
 i - 5 potions of lignification
 l - 4 potions of attraction
 x - 2 potions of might
 C - a potion of heal wounds
 G - 3 potions of berserk rage {unknown}


   Skills:
 * Level 7.2 Fighting
 + Level 0.5(2.3) Short Blades
 + Level 3.7 Long Blades
 + Level 0.3 Axes
 + Level 3.2 Armour
 + Level 3.1 Dodging
 - Level 2.1 Stealth
 + Level 2.5 Shields
 + Level 8.2 Spellcasting
 * Level 10.0 Conjurations
 - Level 0.7 Transmutations
 + Level 11.0 Earth Magic
 + Level 0.5 Evocations


You had 16 spell levels left.
You knew the following spells:

 Your Spells              Type           Power      Damage    Failure   Level
a - Sandblast             Erth           88%        2d18      1%          1
b - Stone Arrow           Conj/Erth      84%        3d12      1%          3
c - Iron Shot             Conj/Erth      21%        9d5       5%          6

Your spell library contained the following spells:

 Spells                   Type           Power      Damage    Failure   Level
 Frozen Ramparts          Ice            12%        1d3       9%          3
 Passwall                 Tmut/Erth      21%        N/A       1%          2
 Mephitic Cloud           Conj/Pois/Air  18%        N/A       2%          3
 Petrify                  Tmut/Erth      26%        N/A       9%          4
 Leda's Liquefaction      Hex/Erth       12%        N/A       11%         4
 Fireball                 Conj/Fire      12%        3d7       11%         5
 Corpse Rot               Necr/Air       12%        N/A       16%         2
 Call Canine Familiar     Summ           6%         N/A       30%         3
 Portal Projectile        Hex/Tloc       12%        N/A       30%         3
 Swiftness                Air            6%         N/A       30%         3
 Starburst                Conj/Fire      12%        6d5       45%         6
 Summon Lightning Spire   Summ/Air       6%         N/A       71%         4
 Lehudib's Crystal Spear  Conj/Erth      21%        10d6      88%         8
 Storm Form               Tmut/Air       4%         N/A       100%        7
 Ignition                 Fire           3%         3d4       100%        8
 Maxwell's Capacitive Co  Air            3%         ∞         100%        8


Dungeon Overview and Level Annotations

Branches:
Dungeon (10/15)            Temple (1/1) D:6            Lair (0/6) D:8
Ossuary (visited)
    Orc: D:9-12

Altars:
Ashenzari
Cheibriados
Dithmenos
Elyvilon
Fedhas
Gozag
Hepliaklqana
Kikubaaqudgha
Makhleb
Nemelex Xobeh
Okawaru
Qazlal
Ru
Sif Muna
Trog
Uskayaw
Vehumet
Wu Jian
Xom
Yredelemnul
Zin
The Shining One

Shops:
D:4 [   D:6 *

Annotations:
D:10 3 runed translucent doors, Psyche


Innate Abilities, Weirdness & Mutations

You are a bat.
You are tiny and dextrous.
You move quickly.
You are flying.
Your equipment is almost entirely melded.
You are incapable of wielding weapons or throwing items.
You cannot cast spells.
You are immune to sickness and miasma.
((Your stone body is resilient. (AC +8)))
You are immune to poison.
You resist negative energy. (rN+)
((You are resistant to electric shocks. (rElec)))
You are resistant to unholy torment.
You are immune to petrification.


Message History

Found a stone staircase leading down.
You hear some strange, mumbled words.
You turn into a bat.
Your +4 long sword of holy wrath melds into your body.
The +2 ratskin cloak {*Rats rPois rN+ Str-1 Int-1 Dex+1} melds into your body.
Your +2 helmet melds into your body.
Your +0 pair of boots melds into your body.
Your +1 buckler melds into your body.
The +4 Cigotuvi's embrace {rMiasma Drain rN+} melds into your body.
Your ring of flight melds into your body.
Your +6 ring of dexterity melds into your body.
Your +4 long sword of holy wrath stops glowing.
You float gracefully downwards.
You feel clumsy.
Items here: )) [[.
Something hits you.
You blink.
Something hits you.
* * * LOW HITPOINT WARNING * * *
You blink.
Found a stone staircase leading up.
There is a stone staircase leading down here.
Found a pair of embroidered gloves.
A centaur warrior zombie comes into view.
You see here a +1 pair of gloves.
d - a +1 pair of gloves You hear the loud creaking of a very distant portcullis.
You hit something. Something hits you!
* * * LOW HITPOINT WARNING * * *
Space warps around you.
* * * LOW HITPOINT WARNING * * *
You miss something. Something barely misses you.
You hit the centaur warrior zombie.
The centaur warrior zombie is lightly damaged.
The centaur warrior zombie completely misses you.
The centaur warrior zombie kicks you.
* * * LOW HITPOINT WARNING * * *
You hear some strange, mumbled words.
A swirling arc of seething chaos appears!
An arc of chaos appears from out of thin air!
The arc of chaos hits you!
You are caught in a web!
You die...

#.........§{........
#<......###....####
#...>...# #....#
#.......# ####.#
###..#### #.# #.##
#.# #.# #.# #{# #.#
#b# #.# #Z# ##.##
#.# ##...## #.#
#.#.#.### #.#
#.#...... #.#
#.###.##. #.#
##...###. #.# #####
#. #.# #.


You could see a centaur warrior zombie.

Vanquished Creatures
  Fannar (D:10)
  Erolcha (D:9)
  A two-headed ogre (D:8)
  Maurice (D:10)
  An unseen horror (D:10)
  3 hellwings (D:10)
  A troll (D:10)
  A wraith (D:9)
  4 yaks (D:9)
  A water moccasin (D:8)
  2 orc warriors
  A hornet zombie (Ossuary)
  2 ice beasts
  A black bear (D:7)
  4 ogres
  A phantom (D:7)
  3 centaurs
  6 bullfrogs
  2 kobold brigands
  4 wyvern zombies (Ossuary)
  A scorpion (D:5)
  3 water moccasin zombies (Ossuary)
  11 killer bees
  2 wights (D:9)
  2 howler monkeys
  6 centaur zombies
  3 bullfrog zombies (Ossuary)
  A jelly (D:7)
  3 orc priests
  3 centaur skeletons
  2 iguanas
  Terence (D:2)
  10 orc wizards
  Natasha (thrice) (D:2)
  2 killer bee zombies (Ossuary)
  11 mummies (Ossuary)
  5 howler monkey zombies
  Robin (D:3)
  8 adders
  9 gnolls
  A white imp (D:7)
  2 worms (D:4)
  6 dart slugs
  29 orcs
  6 endoplasms
  3 giant cockroaches
  11 goblins
  12 hobgoblins
  10 jackals
  4 quokkas
  4 ball pythons
  6 bats
  A frilled lizard (D:3)
  2 jackal zombies (D:7)
  16 kobolds
  2 rats (D:1)
243 creatures vanquished.

Vanquished Creatures (collateral kills)
  A yak (D:9)
  Edmund (D:4)
  An orc warrior (D:9)
  A wight (D:9)
  2 orc priests
  An iguana (D:5)
  An orc wizard (D:9)
  2 orcs (D:9)
  A kobold (D:9)
11 creatures vanquished.

Vanquished Creatures (others)
  8 withered plants (Ossuary)
8 creatures vanquished.

Grand Total: 262 creatures vanquished

Notes
Turn   | Place    | Note
-------+----------+-------------------------------------------
     0 | D:1      | Cykl0x the Gargoyle Earth Elementalist began the quest for
                  | the Orb.
     0 | D:1      | Reached XP level 1. HP: 10/10 MP: 3/3
   153 | D:1      | Reached XP level 2. HP: 15/15 MP: 0/5
   231 | D:1      | Reached skill level 4 in Earth Magic
   517 | D:1      | Found a faded altar of an unknown god.
   540 | D:1      | Reached XP level 3. HP: 19/19 MP: 2/7
   544 | D:1      | Learned a level 3 spell: Stone Arrow
  1158 | D:1      | Reached skill level 1 in Conjurations
  1429 | D:2      | Found the +2 ratskin cloak {*Rats rPois rN+ Str-1 Int-1
                  | Dex+1}
  1585 | D:2      | Reached XP level 4. HP: 24/24 MP: 4/8
  2002 | D:2      | Noticed Terence
  2005 | D:2      | Killed Terence
  2233 | D:2      | Noticed Natasha
  2234 | D:2      | Killed Natasha
  2235 | D:2      | Reached skill level 5 in Earth Magic
  2235 | D:2      | Reached XP level 5. HP: 28/28 MP: 6/10
  2276 | D:2      | Noticed Natasha
  2279 | D:2      | Killed Natasha
  2291 | D:2      | Noticed Natasha
  2295 | D:2      | Killed Natasha
  3106 | D:3      | Reached skill level 6 in Earth Magic
  3106 | D:3      | Reached XP level 6. HP: 22/32 MP: 0/11
  3454 | D:3      | Noticed Robin
  3462 | D:3      | Killed Robin
  4474 | D:3      | Reached XP level 7. HP: 10/36 MP: 0/12
  4885 | D:4      | Reached skill level 7 in Earth Magic
  5074 | D:4      | Found Adaru's Armour Shoppe.
  5371 | D:4      | Noticed Edmund
  5380 | D:4      | Killed Edmund
  6602 | D:5      | Entered Level 5 of the Dungeon
  6650 | D:5      | Reached XP level 8. HP: 41/41 MP: 2/15
  7546 | D:5      | Reached skill level 8 in Earth Magic
  7879 | D:6      | Found Etecug's General Store.
  7910 | D:6      | Found a staircase to the Ecumenical Temple.
  7919 | Temple   | Entered the Ecumenical Temple
  8032 | Temple   | Became a worshipper of Vehumet
  8054 | D:6      | Reached skill level 5 in Spellcasting
  8127 | D:6      | Reached skill level 1 in Fighting
  8299 | D:6      | Reached skill level 5 in Conjurations
  8468 | D:6      | You fall into a shaft and drop 3 floors!
  8468 | D:9      | Noticed Erolcha
  8474 | D:9      | Killed Erolcha
  8475 | D:9      | Reached skill level 1 in Long Blades
  8475 | D:9      | Reached XP level 9. HP: 21/49 MP: 0/17
  9007 | D:9      | Reached skill level 9 in Earth Magic
  9028 | D:9      | Reached skill level 1 in Armour
  9095 | D:9      | Reached XP level 10. HP: 57/57 MP: 2/20
  9392 | D:8      | Reached * piety under Vehumet
  9392 | D:8      | Offered knowledge of Freeze by Vehumet.
  9529 | D:8      | Found a bloodstained altar of Trog.
  9830 | D:7      | Reached skill level 1 in Shields
 10030 | D:7      | Found a sand-covered staircase.
 10041 | Ossuary  | Entered an ossuary
 10133 | Ossuary  | Reached skill level 5 in Fighting
 10167 | Ossuary  | Reached ** piety under Vehumet
 10225 | Ossuary  | Offered knowledge of Static Discharge by Vehumet.
 11203 | D:7      | Offered knowledge of Frozen Ramparts by Vehumet.
 11718 | D:8      | Identified the amulet "Kexkifig" {RegenMP Drain rF+ Stlth+}
 12033 | D:8      | Reached skill level 10 in Earth Magic
 12053 | D:8      | Found a hide-covered altar of Uskayaw.
 12122 | D:8      | Noticed a two-headed ogre
 12124 | D:8      | Killed a two-headed ogre
 12501 | D:8      | Reached *** piety under Vehumet
 12548 | D:8      | Found a staircase to the Lair.
 13324 | D:9      | Identified 2 scrolls of acquirement
 13324 | D:9      | Acquired the Grimoire of the Lonely Coins
 13333 | D:9      | Learned a level 6 spell: Iron Shot
 13360 | D:10     | Entered Level 10 of the Dungeon
 13360 | D:10     | Noticed Fannar
 13382 | D:10     | Killed Fannar
 13383 | D:10     | Reached XP level 11. HP: 10/66 MP: 14/22
 13385 | D:10     | Acquired 635 gold pieces
 13465 | D:10     | Found a runed translucent gate.
 13465 | D:10     | Found a runed translucent gate.
 13465 | D:10     | Found a runed translucent gate.
 13466 | D:10     | Noticed a brown ugly thing
 13466 | D:10     | Noticed a white ugly thing
 13467 | D:10     | Noticed a cyan ugly thing
 13467 | D:10     | Noticed a purple ugly thing
 13551 | D:10     | Noticed Maurice
 13576 | D:10     | Killed Maurice
 13755 | D:10     | Found the +4 Cigotuvi's embrace {rMiasma Drain rN+}
 13881 | D:10     | Reached skill level 10 in Conjurations
 13881 | D:10     | Reached skill level 11 in Earth Magic
 13884 | D:10     | Noticed Psyche
 13914 | D:10     | Killed from afar by Psyche

Illustrated notes

Levels and vault maps discovered:
D:1:      ncdulo_smallfort, layout_basic, ebering_ecumenical_altar_webs,
          st_stairs_14, chequers_serial_rivers_micro_c, minmay_misc_feat_encased
D:2:      layout_loops_ring, lightli_corner_chamber, uniq_terence, uniq_natasha
D:3:      layout_loops_ring, uniq_robin
D:4:      minmay_wonky_spiral, layout_layer_cave, serial_shops,
          kennysheep_mini_moat, uniq_edmund
D:5:      layout_cave_pods
D:6:      layout_basic, minmay_temple_entry_junction_2, serial_shops,
          nicolae_stop_n_shop_2
D:7:      layout_loops_corners, enter_ossuary_3, grunt_ministairs_6,
          corexii_checkpoint_b, minmay_misc_feat_ornament,
          kennysheep_generic_room_2
D:8:      layout_layer_cave, nicolae_uskayaw_dance_hall,
          trog_three_pillars_becter, lair_entry_dummy
D:9:      layout_long_grid, uniq_erolcha
D:10:     layout_loops_ring, ploomutoo_gammafunk_ghost_potion_laboratory,
          enter_bailey_1, hellmonk_bongcloud_opening,
          chequers_serial_rivers_room_a, hellmonk_guarded_unrand_cigotuvi,
          uniq_maurice, uniq_fannar, uniq_erica, uniq_psyche
Temple:   regret_index_temple_chain_breaker

Skill      XL: |  1  2  3  4  5  6  7  8  9 10 11 |
---------------+----------------------------------+-----
Earth Magic    | 4 5 6 7 8 9 10 11 | 11.0
Spellcasting   | 3 4 5 6 7 8 |  8.2
Conjurations   | 1 2 3 6 7 9 10 | 10.0
Dodging        | 2 3 |  3.1
Fighting       | 2 4 6 7 |  7.2
Long Blades    | 1 2 3 |  3.7
Armour         | 1 2 3 |  3.2
Shields        | 1 2 |  2.5
Short Blades   | |  0.5
Axes           | |  0.3
Stealth        | |  2.1
Transmutations | |  0.7
Evocations     | |  0.5

Action                   |  1- 3 |  4- 6 |  7- 9 | 10-12 || total
-------------------------+-------+-------+-------+-------++-------
Melee: Unarmed           |    26 |     7 |       |     3 ||    36
       Hand axe          |       |    12 |       |       ||    12
       Dagger            |       |    18 |    11 |       ||    29
       Long sword        |       |       |    76 |    47 ||   123
       Scimitar          |       |       |       |    76 ||    76
 Cast: Sandblast         |    31 |    37 |    23 |    14 ||   105
       Stone Arrow       |    12 |    38 |    86 |   191 ||   327
Evoke: Wand              |       |       |     5 |     1 ||     6
  Use: Scroll            |     2 |     4 |     4 |    15 ||    25
       Potion            |       |       |       |     4 ||     4
Armor: Robe              |    19 |    34 |    16 |       ||    69
       Ring mail         |       |       |    40 |    17 ||    57
       Scale mail        |       |       |       |   189 ||   189
       Leather armour    |       |       |       |     7 ||     7
       Skin              |       |       |       |     2 ||     2
Dodge: Dodged            |    24 |    40 |    64 |   127 ||   255
Block: Buckler           |       |       |    19 |    57 ||    76
